 Dungeon Crawl Stone Soup version 0.29.1-15-g9cfb28693d (webtiles) character file.

Game seed: 13481035914990500656

156 Sanktem7 the Trooper (level 5, 0/48 HPs)
             Began as a Minotaur Fighter on Feb 25, 2023.
             Killed by divine providence
             ... invoked by an orc priest
              (16 damage)
             ... on level 3 of the Dungeon.
             The game lasted 00:03:18 (2619 turns).

Sanktem7 the Trooper (Minotaur Fighter)             Turns: 2619, Time: 00:03:19

Health: 0/48       AC:  8    Str: 23    XL:     5   Next: 14%
Magic:  4/4        EV:  9    Int:  5    God:
Gold:   257        SH:  4    Dex:  9    Spells: 4/4 levels left

rFire   . . .      SeeInvis .   a - +0 war axe {axe}
rCold   . . .      Faith    .   c - +0 buckler
rNeg    . . .      Spirit   .   b - +0 scale mail
rPois   .          Reflect  .   (helmet restricted)
rElec   .          Harm     .   (no cloak)
rCorr   .          Rampage  .   n - +0 pair of gloves
Will    .....                   (no boots)
Stlth   ..........              (no amulet)
HPRegen 0.16/turn               (no ring)
MPRegen 0.09/turn               (no ring)

@: no status effects
A: horns 2, retaliatory headbutt
a: no special abilities


You were on level 3 of the Dungeon.
You visited 1 branch of the dungeon, and saw 3 of its levels.

You collected 257 gold pieces.


Innate Abilities, Weirdness & Mutations

You have a pair of horns on your head.
You reflexively headbutt those who attack you in melee.


   Skills:
 * Level 5.3 Fighting
 * Level 4.5 Axes
 + Level 4.4 Armour
 - Level 3.6 Shields


You had 4 spell levels left.
You didn't know any spells.
Your spell library was empty.

Inventory:

Hand Weapons
 a - a +0 war axe (weapon) {axe}
 e - a +4 spear {polearm}
   (You found it on level 1 of the Dungeon)
Missiles
 l - 9 stones (quivered) {throwing}
 q - 6 boomerangs {throwing}
 u - 3 javelins {throwing}
Armour
 b - a +0 scale mail (worn)
 c - a +0 buckler (worn)
 n - a +0 pair of gloves (worn)
   (You found it on level 2 of the Dungeon)
Jewellery
 j - a ring of flight
   (You found it on level 2 of the Dungeon)
Scrolls
 f - a scroll of immolation {unknown}
 g - a scroll of magic mapping {unknown}
 h - 3 scrolls of teleportation {unknown}
 o - a scroll of brand weapon {unknown}
 p - 2 scrolls of identify {unknown}
 r - a scroll of poison {unknown}
 t - a scroll of enchant armour {unknown}
Potions
 d - a potion of might
 i - 2 potions of magic {unknown}
 k - 2 potions of mutation {unknown}
 m - a potion of attraction {unknown}
 s - 2 potions of resistance {unknown}

Dungeon Overview and Level Annotations

Branches:
Dungeon (3/15) Zot: 15328

Altars:
Dithmenos
Sif Muna

Annotations:
D:1 2 runed translucent doors

#...... #<.... #....
#.......# ##...##
#.......# ##§§...##
#....#..# ##§§..§§§##
#....#..###§§..§§§§§#
#..)o#.............§.
#@#.# ..§§.._)....
#...# ...§§.......
#...####.§§§..§..#
#.≈....##§§§§§§§##
#.≈.######§§§§§##
####.≈....####§.§##
#....≈.........§.###.
#.##...####.....#....
#.##...# #.####.###.


You could see an orc priest.


Message History

No target in view!
A goblin comes into view. It is wielding a +0 dagger.
The goblin shouts!
A goblin is nearby!
You barely miss the goblin. The goblin barely misses you.
You closely miss the goblin. The goblin hits you with a +0 dagger.
The goblin hits you but does no damage. 😕 HP[-1]
You take 1 damage, and now have 47/48 hp.
You hit the goblin.
You kill the goblin!
No target in view!
No target in view!
No target in view!
No target in view!
No target in view!
No target in view!
No target in view!
No target in view!
No target in view!
No target in view!
No target in view!
No target in view!
No target in view!
You see here a frilled lizard corpse.
A rat comes into view. 😎 HP[+1]
Your hp is fully restored (48).
A rat is nearby!
The rat barely misses you. You furiously retaliate!
You headbutt the rat.
You kill the rat!
No target in view!
No target in view!
No target in view!
No target in view!
No target in view!
No target in view!
No target in view!
No target in view!
No target in view!
No target in view!
No target in view!
No target in view!
No target in view!
No target in view! 2 orcs come into view.
The orc shouts!
You hear a shout!
An orc comes into view. It is wielding a +0 mace.
The orc moves out of view.
There are monsters nearby!
An orc, an orc priest and a rat come into view.
Found an escape hatch in the ceiling.
The orc shouts!
The orc priest shouts!
The orc barely misses you.
You barely miss the orc. You hit the orc. The orc hits you with a +0 hand axe.
The orc priest looks encouraged for a moment.
The orc barely misses you.
You hit the orc. Your headbutt misses the orc. You slash the orc!
You kill the orc!
The orc barely misses you.
You closely miss the orc. You headbutt the orc!
You kill the orc!
You slash the orc!
You kill the orc!
The orc priest casts a cantrip, but nothing happens.
You closely miss the orc. You closely miss the rat.
The orc hits you with a +0 morningstar. The rat closely misses you.
You barely miss the orc. Your headbutt misses the orc. You barely miss the rat.
The orc priest calls down the wrath of Beogh upon you.
Beogh smites you! The orc hits you with a +0 morningstar!
* * * LOW HITPOINT WARNING * * *
The rat bites you but does no damage. The orc barely misses you.
The rat bites you but does no damage.
You are too injured to fight recklessly!
You are too injured to fight recklessly!
You are too injured to fight recklessly!
You are too injured to fight recklessly! 😨 HP[-32]
You take 32 damage, and now have 16/48 hp.
MASSIVE DAMAGE!! (PAUSE)
You are too injured to fight recklessly!
You are too injured to fight recklessly!
You are too injured to fight recklessly!
You are too injured to fight recklessly!
You are too injured to fight recklessly!
You are too injured to fight recklessly!
You are too injured to fight recklessly!
You are too injured to fight recklessly!
You are too injured to fight recklessly!
You are too injured to fight recklessly!
You are too injured to fight recklessly!
You are too injured to fight recklessly!
You slash the orc!
You kill the orc!
You slash the rat!
You kill the rat!
You closely miss the orc priest.
The orc priest invokes the aid of Beogh against you.
Beogh smites you!
You die...

Skill      XL: |  1  2  3  4 |
---------------+-------------+-----
Fighting       | 4 5 |  5.3
Axes           | 3 4 |  4.5
Armour         | 4 |  4.4
Shields        | |  3.6

Action                   |  1- 3 |  4- 6 || total
-------------------------+-------+-------++-------
Melee: War axe           |    95 |    50 ||   145
       Headbutt          |    18 |     4 ||    22
Armor: Scale mail        |    43 |    12 ||    55
Dodge: Dodged            |    47 |    25 ||    72
Block: Buckler           |    21 |     9 ||    30

Levels and vault maps discovered:
D:1:      erik_arrival_cave_to_civilisation [erik_arrival_cave_to_temple],
          layout_basic, dreamdust_ecumenical_altar_hidden_monk_grotto,
          serial_forest, infiniplex_forest_lined_corner,
          infiniplex_forest_end_3, infiniplex_forest_lined_2,
          infiniplex_forest_clump_curved, infiniplex_forest_end_1,
          infiniplex_forest_clump_tiny, minivault_23
D:2:      minmay_inner_zag, layout_basic, minmay_indecisive_spiral
D:3:      layout_loops_ring, grunt_qazlal_sundering,
          nicolae_dithmenos_the_darkroom, mainiacjoe_overflow_boulevard

Notes
Turn   | Place    | Note
-------+----------+-------------------------------------------
     0 | D:1      | Sanktem7 the Minotaur Fighter began the quest for the Orb.
     0 | D:1      | Reached XP level 1. HP: 19/19 MP: 0/0
     0 | D:1      | magus.rc [v1.9.6]
   111 | D:1      | Found a large runed translucent door.
   111 | D:1      | Found a large runed translucent door.
   111 | D:1      | Noticed a troll
   111 | D:1      | Noticed an ogre
   113 | D:1      | Noticed an ogre
   113 | D:1      | Noticed an ogre
   115 | D:1      | Noticed an ogre
   314 | D:1      | Reached XP level 2. HP: 27/27 MP: 1/1
   432 | D:1      | Reached skill level 4 in Fighting
   538 | D:1      | Reached skill level 3 in Axes
  1045 | D:1      | Found a faded altar of an unknown god.
  1623 | D:2      | Reached XP level 3. HP: 33/33 MP: 2/2
  1690 | D:2      | Reached skill level 4 in Armour
  1984 | D:2      | Reached XP level 4. HP: 41/41 MP: 3/3
  2022 | D:2      | Reached skill level 4 in Axes
  2335 | D:2      | Reached skill level 5 in Fighting
  2393 | D:3      | Reached XP level 5. HP: 48/48 MP: 4/4
  2537 | D:3      | Found a shimmering blue altar of Sif Muna.
  2568 | D:3      | Found a shadowy altar of Dithmenos.
  2619 | D:3      | Killed from afar by an orc priest

Vanquished Creatures
  3 gnolls (D:3)
  5 adders (D:2)
  2 worms
  6 orcs
  9 endoplasms
  2 giant cockroaches
  6 goblins
  4 hobgoblins
  3 jackals (D:1)
  2 kobolds
  5 quokkas
  3 ball pythons
  7 bats
  5 frilled lizards
  9 rats
71 creatures vanquished.

Vanquished Creatures (others)
  A fungus (D:1)
  A plant (D:1)
2 creatures vanquished.

Grand Total: 73 creatures vanquished

Table legend:
 A = Non-vault XP
 B = Vault XP
 C = Vault XP percentage of total XP
 D = Non-vault monster count
 E = Vault monster count
 F = Vault count percentage of total count
                 A         B        C        D         E       F
            +---------+---------+-------+---------+---------+-------
      Total |     186 |      37 |  16.6 |      58 |      13 |  18.3
            +---------+---------+-------+---------+---------+-------
        D:1 |      36 |       4 |  10.0 |      22 |       2 |   8.3
        D:2 |      78 |      33 |  29.7 |      20 |      11 |  35.5
        D:3 |      72 |       0 |   0.0 |      16 |       0 |   0.0
            +---------+---------+-------+---------+---------+-------

Illustrated notes

Table legend:
 A = Kills in this place as a percentage of kills in entire the game.
 B = Kills by you in this place as a percentage of kills by you in the entire game.
 C = Kills by friends in this place as a percentage of kills by friends in the entire game.
 D = Other kills in this place as a percentage of other kills in the entire game.
 E = Experience gained in this place as a percentage of experience gained in the entire game.
 F = Experience gained in this place divided by the number of levels of this place that you have seen.
                   A       B       C       D       E      F
               +-------+-------+-------+-------+-------+----------------------
         Total | 100.0 | 100.0 |   N/A |   N/A | 100.0 |  74.3
       Dungeon | 100.0 | 100.0 |   N/A |   N/A | 100.0 |  74.3
               +-------+-------+-------+-------+-------+----------------------

Table legend: (Time is in decaauts)
 A = Elapsed time spent in this place.
 B = Non-inter-level travel time spent in this place.
 C = Inter-level travel time spent in this place.
 D = Time resting spent in this place.
 E = Time spent auto-exploring this place.
 F = Levels seen in this place.
 G = Mean time per level.
                   A        B        C        D        E       F      G
               +--------+--------+--------+--------+--------+-----+--------+
         Total |   2670 |   2569 |    101 |      0 |   2168 |   3 |  890.0 |
       Dungeon |   2670 |   2569 |    101 |      0 |   2168 |   3 |  890.0 |
               +--------+--------+--------+--------+--------+-----+--------+

Top non-repeatable levels by time:
     D:1: 1640 daAuts
     D:2: 766 daAuts
     D:3: 263 daAuts
